 Dungeon Crawl Stone Soup version 0.26-b1-45-g23770d1d51 (webtiles) character file.

Game seed: 864199350143986654

66 DocSulfur the Ruffian (level 3, 0/29 HPs)
             Began as a Draconian Transmuter on Jan 6, 2021.
             Succumbed to an adder's poison
             ... on level 2 of the Dungeon.
             The game lasted 00:02:58 (2132 turns).

DocSulfur the Ruffian (Draconian Transmuter)        Turns: 2132, Time: 00:02:58

Health: 0/29       AC:  5    Str: 13    XL:     3   Next: 96%
Magic:  6/6        EV: 12    Int: 13    God:
Gold:   97         SH:  0    Dex: 11    Spells: 5/6 levels left

rFire    . . .     SeeInvis .     - Unarmed
rCold    . . .     Faith    .   (no shield)
rNeg     . . .     Spirit   .   (armour unavailable)
rPois    .         Reflect  .   (helmet currently unavailable)
rElec    .         Harm     .   (no cloak)
rCorr    .         Rampage  .   (no gloves)
Will     .....                  (boots currently unavailable)
Stlth    +.........             (no amulet)
HPRegen  0.09/turn              (no ring)
MPRegen  0.10/turn              (no ring)

@: lethally poisoned (0 -> -3), appendages (expiring), very slightly
contaminated, invisible
A: unfitting armour, horns 2, talons 2, cold-blooded, AC +5
a: End Transformation


You were on level 2 of the Dungeon.
You had grown temporary horns.
You had grown temporary talons.
You visited 1 branch of the dungeon, and saw 2 of its levels.

You collected 97 gold pieces.

Inventory:

Missiles
 j - 29 stones
Scrolls
 b - 2 scrolls of teleportation {unknown}
 c - 2 scrolls of remove curse {unknown}
 d - a scroll of enchant armour {unknown}
 g - a scroll of noise {unknown}
 i - a scroll of enchant weapon {unknown}
Potions
 e - a potion of curing {unknown}
 h - a potion of cancellation {unknown}
 k - a potion of flight {unknown}


   Skills:
 + Level 1.8 Fighting
 - Level 1.8 Dodging
 * Level 3.7 Unarmed Combat
 + Level 2.4 Spellcasting
 * Level 2.8 Transmutations


You had 5 spell levels left.
You knew the following spells:

 Your Spells              Type           Power        Failure   Level
a - Beastly Appendage     Tmut           18%          8%          1

Your spell library contained the following spells:

 Spells                   Type           Power        Failure   Level
 Wereblood                Tmut           9%           12%         2
 Spider Form              Tmut/Pois      2%           38%         3
 Ice Form                 Ice/Tmut       5%           80%         4
 Blade Hands              Tmut           4%           91%         5


Dungeon Overview and Level Annotations

Branches:
Dungeon (2/15)

Altars:
Gozag

Annotations:
D:1 1 runed translucent door


Innate Abilities, Weirdness & Mutations

Your plain brown scales are hard. (AC +5)
You cannot fit into any form of body armour.
You are cold-blooded and may be slowed by cold attacks.
You have a pair of horns on your head.
You have razor-sharp toenails.


Message History

You hit the adder. Your kick misses the adder.
Your tail-slap misses the adder.
The adder is moderately wounded.
The adder closely misses you.
You strike the helpless adder from behind!
You hit the adder. Your kick misses the adder.
The adder is almost dead.
The adder misses you. x2
You hit the adder.
You kill the adder!
You feel sick. The worm bites you but does no damage.
There is an escape hatch in the ceiling here.
You see here an adder corpse.
You are too injured to fight recklessly!
You are too injured to fight recklessly!
You hit the worm but do no damage. You claw the worm, but do no damage.
Your headbutt misses the worm. The worm bites you!
* * * LOW HITPOINT WARNING * * *
You hit the worm. You tail-slap the worm.
The worm is lightly wounded.
You die...

.# #.........# .# #.........# .#
#.........# .# #.........###
.#......#......)....+.....+ #
.#......#....†.....##.....##...##
.#......# #'##+#.##.....##...##
.#......#####.##.#.##.....##...##
.#>.....+.....w.@..##.....##...##
.#......#.###.##...##.....##...##
.#......#.# #.##...##............
.#†.....#.# #.##...#....)).......
........#.# #.##.#.#.#####.......
##.#.#..#.# #.##.#...# #.......
##.#.#..#.###.##.#...######.....#
.#..............................'
.#.#.#..#.###.##.#..............#


You could see a worm.

Vanquished Creatures
  3 adders (D:2)
  A dart slug (D:1)
  2 leopard geckos
  A giant cockroach (D:2)
  8 goblins
  6 hobgoblins
  A ball python (D:2)
  4 bats (D:1)
  2 frilled lizards
  3 kobolds
  4 rats (D:1)
35 creatures vanquished.

Notes
Turn   | Place    | Note
-------+----------+-------------------------------------------
     0 | D:1      | DocSulfur the Draconian Transmuter began the quest for the
                  | Orb.
     0 | D:1      | Reached XP level 1. HP: 16/16 MP: 3/3
     1 | D:1      | Found a runed translucent door.
   381 | D:1      | Reached XP level 2. HP: 23/23 MP: 3/5
  1267 | D:2      | Reached XP level 3. HP: 28/28 MP: 6/6
  1801 | D:2      | Found an opulent altar of Gozag.
  2129 | D:2      | HP: 1/29 [worm (8)]
  2132 | D:2      | Succumbed to an adder's poison

Illustrated notes

Levels and vault maps discovered:
D:1:      dpeg_arrival_caged_fury, layout_basic, roderic_serpentine_path,
          st_stairs_4
D:2:      layout_basic, grunt_gozag_statues, nicolae_qazlal_general_emergency

Action                   || total
-------------------------++-------
Melee: Unarmed           ||   168
       Tailslap          ||    12
       Kick              ||     4
       Headbutt          ||     5
       Punch             ||     1
 Cast: Beastly Appendage ||     8
  Use: Potion            ||     4
 Stab: Sleeping          ||     1
       Invisible         ||     1
Armor: Skin              ||    53
Dodge: Dodged            ||   115
